 Dungeon Crawl Stone Soup version 0.28-b1-1-g3c77fb2ed1 (webtiles) character file.

Game seed: 1294369101915776608

479 Exporg the Chopper (level 7, -2/54 HPs)
             Began as a Formicid Fighter on Jan 29, 2022.
             Succumbed to Eustachio's poison
             ... on level 4 of the Dungeon.
             The game lasted 00:06:16 (3823 turns).

Exporg the Chopper (Formicid Fighter)               Turns: 3823, Time: 00:06:16

Health: -2/54      AC: 10    Str: 21      XL:     7   Next: 33%
Magic:  11/11      EV:  9    Int:  7      God:
Gold:   146        SH:  6    Dex: 10 (12) Spells: 12/12 levels left

rFire   x . .      SeeInvis +   a - +0 war axe
rCold   + . .      Faith    .   j - +2 buckler
rNeg    . . .      Spirit   .   b - +0 scale mail
rPois   .          Reflect  .   (helmet unavailable)
rElec   .          Harm     .   (no cloak)
rCorr   .          Rampage  .   e - +2 pair of gloves
Will    .....                   (no boots)
Stlth   ..........              r - amulet of regeneration
HPRegen 0.98/turn               s - ring of ice
MPRegen 0.12/turn               (no ring)

@: lethally poisoned (-2 -> -8)
A: permanent stasis, dig shafts and tunnels, antennae 3, four strong arms
a: Dig, Shaft Self


You were on level 4 of the Dungeon.
You visited 1 branch of the dungeon, and saw 4 of its levels.

You collected 146 gold pieces.

Inventory:

Hand Weapons
 a - a +0 war axe (weapon)
Missiles
 g - 74 arrows
 n - 26 bolts
Armour
 b - a +0 scale mail (worn)
 c - a +0 buckler
 e - a +2 pair of gloves (worn)
 j - a +2 buckler (worn)
Jewellery
 r - an amulet of regeneration (around neck)
 s - a ring of ice (left hand)
Wands
 h - a wand of flame (13)
Scrolls
 k - 2 scrolls of identify {unknown}
 m - a scroll of summoning {unknown}
 q - a scroll of teleportation {unknown}
Potions
 d - a potion of ambrosia {unknown}
 f - a potion of haste {unknown}
 i - a potion of lignification {unknown}
 l - a potion of resistance {unknown}
 o - 3 potions of curing {unknown}
 p - a potion of heal wounds {unknown}
 t - a potion of might


   Skills:
 + Level 4.2 Fighting
 + Level 4.9 Axes
 + Level 4.3 Armour
 + Level 0.9 Dodging
 + Level 4.4 Shields
 * Level 3.0 Spellcasting


You had 12 spell levels left.
You didn't know any spells.
Your spell library contained the following spells:

 Spells                   Type           Power      Damage    Failure   Level
 Summon Small Mammal      Summ           4%         N/A       73%         1
 Call Canine Familiar     Summ           1%         N/A       97%         3
 Confusing Touch          Hex            1%         N/A       97%         3
 Summon Guardian Golem    Hex/Summ       1%         N/A       97%         3
 Yara's Violent Unravell  Hex/Tmut       0%         3d3       100%        5
 Enfeeble                 Hex            0%         N/A       100%        7
 Chain Lightning          Conj/Air       0%         2d1       100%        9
 Fire Storm               Conj/Fire      0%         6d1       100%        9
 Shatter                  Erth           0%         3d5*      100%        9


Dungeon Overview and Level Annotations

Branches:
Dungeon (4/15)
 Temple: D:4-7

Altars:
Qazlal
Vehumet

Shops:
D:3 [:?!

Annotations:
D:4 Eustachio


Innate Abilities, Weirdness & Mutations

You cannot be hasted, slowed, berserked, paralysed or teleported.
You can dig through walls and to a lower floor.
You have a pair of large antennae on your head. (SInv)
Your four strong arms can wield two-handed weapons with a shield.


Message History

You closely miss the bat.
You feel sick. You block the bat's attack. The quokka closely misses you.
You hit the quokka but do no damage.
You feel sick. The bat hits you but does no damage.
The quokka bites you but does no damage. x2
Eustachio casts a spell.
Eustachio blinks!
You hit the quokka.
You kill the quokka!
The quokka's corpse disappears in a puff of smoke!
You feel sick.
You are no longer poisoned.
The bat hits you but does no damage. The white imp gestures at you.
The puff of frost hits you. You resist.
You barely miss the bat. The bat hits you. You block the white imp's attack.
You closely miss the white imp.
The white imp disappears in a puff of smoke!
You block the bat's attack. The bat closely misses you.
Eustachio hits you with a +3 rapier of venom.
* * * LOW HITPOINT WARNING * * *
You are poisoned.
Items here: )) †††.
You hit Eustachio but do no damage.
Eustachio is almost dead.
You slash the bat!
You kill the bat!
The bat's corpse disappears in a puff of smoke!
You feel very sick. You block Eustachio's attack.
You closely miss Eustachio.
Eustachio is almost dead.
You feel sick. Eustachio hits you but does no damage.
You are more poisoned.
Eustachio hits you with a +3 rapier of venom!
* * * LOW HITPOINT WARNING * * *
You barely miss Eustachio.
Eustachio is almost dead.
You die...

#...#.....#...#.......#.#
#.#(..._....#.#...#####.#
#...#.....#..)#...# #.#
.#.........#.#...#
#.....#.#.........#
##..#.....#.......#
##...#.#?.....#...
#........##..#...
#..#####@# ..#
#.......@....#
#####....§§.## ###.....#
#....... .........
#.._..#### .......


You could see Eustachio.

Vanquished Creatures
  A black bear (D:4)
  An ogre (D:4)
  Jessica (D:2)
  Ijyb (D:3)
  Natasha (thrice) (D:2)
  Robin (D:2)
  4 adders
  4 worms (D:2)
  3 dart slugs
  5 orcs
  5 endoplasms
  5 giant cockroaches
  21 goblins
  16 hobgoblins
  4 quokkas
  9 ball pythons
  10 bats
  4 frilled lizards
  6 kobolds
  10 rats
114 creatures vanquished.

Notes
Turn   | Place    | Note
-------+----------+-------------------------------------------
     0 | D:1      | Exporg the Formicid Fighter began the quest for the Orb.
     0 | D:1      | Reached XP level 1. HP: 18/18 MP: 1/1
   120 | D:1      | Reached XP level 2. HP: 23/24 MP: 2/2
   397 | D:1      | Reached XP level 3. HP: 29/29 MP: 3/3
   914 | D:2      | Noticed Jessica
   917 | D:2      | Killed Jessica
   918 | D:2      | Reached XP level 4. HP: 36/36 MP: 3/5
   936 | D:2      | Noticed Natasha
   945 | D:2      | Killed Natasha
   946 | D:2      | Reached skill level 1 in Spellcasting
  1073 | D:2      | Noticed Robin
  1083 | D:2      | Reached XP level 5. HP: 41/41 MP: 6/6
  1083 | D:2      | Killed Robin
  1481 | D:2      | Noticed Natasha
  1488 | D:2      | Killed Natasha
  2346 | D:2      | Noticed Natasha
  2355 | D:2      | Killed Natasha
  2356 | D:2      | Reached XP level 6. HP: 48/48 MP: 8/8
  2607 | D:3      | Noticed Ijyb
  2638 | D:3      | Killed Ijyb
  2749 | D:3      | Found Noneiv's Magic Scroll Shoppe.
  2778 | D:3      | Found Lakimp's Armour Shop.
  2891 | D:3      | Found Fawecw Xyita's Book Boutique.
  2994 | D:3      | Found Juse's Distillery.
  3354 | D:4      | Found a radiant altar of Vehumet.
  3361 | D:4      | Noticed an ogre
  3449 | D:4      | Killed an ogre
  3450 | D:4      | Reached XP level 7. HP: 5/54 MP: 9/11
  3767 | D:4      | Noticed Eustachio
  3769 | D:4      | Found a stormy altar of Qazlal.
  3822 | D:4      | HP: 1/54 [Eustachio (12)]
  3823 | D:4      | Succumbed to Eustachio's poison

Illustrated notes

Levels and vault maps discovered:
D:1:      matt_arrival_grand_opening, layout_basic
D:2:      layout_basic, st_stairs_14, minivault_25, minmay_goblin_outpost,
          uniq_jessica, uniq_robin, uniq_natasha
D:3:      layout_basic, serial_shops, nicolae_lakefront_shop, shop,
          nicolae_shop_hallway_stairs, shop, corexii_corridor_pit,
          palyth_stone_intersect, uniq_ijyb
D:4:      kennysheep_goblin_castle, layout_basic, nicolae_vehumet_radiance,
          mainiacjoe_overflow_boulevard, led_sif_pool, uniq_eustachio

Skill      XL: |  1  2  3  4  5  6  7 |
---------------+----------------------+-----
Shields        | 4 |  4.4
Axes           | 3 4 |  4.9
Spellcasting   | 1 2 3 |  3.0
Fighting       | 4 |  4.2
Armour         | 4 |  4.3
Dodging        | |  0.9

Action                   |  1- 3 |  4- 6 |  7- 9 || total
-------------------------+-------+-------+-------++-------
Melee: War axe           |    78 |   190 |    50 ||   318
  Use: Potion            |       |     1 |       ||     1
Armor: Scale mail        |    37 |    81 |    49 ||   167
Dodge: Dodged            |    33 |    70 |    40 ||   143
Block: Buckler           |    12 |    68 |    23 ||   103
